 Dungeon Crawl Stone Soup version 0.31-a0-965-g8a8ce12e04 (webtiles) character file.

Game seed: 3574994214266421693

1393 Fodor the Covered (level 8, -10/70 HPs)
             Began as a Minotaur Fighter on Oct 26, 2023.
             Was an Initiate of Gozag.
             Mangled by Menkaure (15 damage)
             ... on level 7 of the Dungeon.
             The game lasted 00:21:59 (4661 turns).

Fodor the Covered (Minotaur Fighter)                Turns: 4661, Time: 00:22:00

Health: -10/70     AC: 17    Str: 24    XL:     8   Next: 41%
Magic:  0/7        EV:  9    Int: 11    God:    Gozag
Gold:   374        SH:  5    Dex:  9    Spells: 7/7 levels left

rFire   . . .        z - +5 flail (protect)
rCold   . . .        c - +0 buckler
rNeg    . . .        m - +0 chain mail
rPois   .            (helmet restricted)
rElec   .            (no cloak)
rCorr   .            (no gloves)
SInv    .            (no boots)
Will    .....        r - amulet of guardian spirit Stlth
                     h - +6 ring of intelligence
HPRegen 0.31/turn    (no ring)
MPRegen 0.10/turn

%: guardian spirit
@: lethally poisoned (-10 -> -16), gold aura, under a protective aura
A: horns 2, retaliatory headbutt
a: Renounce Religion, Potion Petition, Call Merchant, Bribe Branch


You were on level 7 of the Dungeon.
You worshipped Gozag.
Gozag was aware of your devotion.
You visited 2 branches of the dungeon, and saw 8 of its levels.

You collected 460 gold pieces.
You paid 86 gold pieces to Gozag.

Inventory:

Hand Weapons
 l - a +0 glaive
 z - a +5 flail of protection (weapon)
Missiles
 a - 6 boomerangs (quivered)
 o - 6 javelins
Armour
 c - a +0 buckler (worn)
 m - a +0 chain mail (worn)
Jewellery
 h - a +6 ring of intelligence (left hand)
 r - an amulet of guardian spirit (around neck)
Wands
 q - a wand of roots (9)
 u - a wand of acid (8)
Scrolls
 b - a scroll of enchant armour {unknown}
 e - 5 scrolls of identify {unknown}
 f - 2 scrolls of immolation {unknown}
 g - 5 scrolls of teleportation {unknown}
 i - a scroll of blinking {unknown}
 j - 2 scrolls of revelation {unknown}
 k - 3 scrolls of enchant weapon {unknown}
 n - a scroll of brand weapon {unknown}
 p - 2 scrolls of poison {unknown}
 t - a scroll of summoning {unknown}
 x - a scroll of fear {unknown}
 y - a scroll of fog {unknown}
Potions
 d - a potion of heal wounds
 v - a potion of brilliance {unknown}
 w - a potion of curing {unknown}


   Skills:
 + Level 5.8 Fighting
 + Level 6.8(7.4) Axes
 + Level 4.5(6.3) Maces & Flails
 + Level 7.0 Armour
 + Level 2.4 Dodging
 + Level 1.2 Stealth
 + Level 5.6 Shields


You had 7 spell levels left.
You didn't know any spells.
Your spell library contained the following spells:

 Spells                   Type           Power      Damage    Failure   Level
 Apportation              Tloc           0%         N/A       90%         1
 Magic Dart               Conj           0%         1d3       90%         1
 Necrotise                Necr           0%         1d4       90%         1
 Summon Small Mammal      Summ           0%         N/A       90%         1
 Lesser Beckoning         Tloc           0%         N/A       97%         2
 Poisonous Vapours        Pois/Air       0%         N/A       97%         2
 Searing Ray              Conj           0%         2d4       97%         2
 Gell's Gravitas          Tloc           0%         N/A       99%         3
 Mephitic Cloud           Conj/Pois/Air  0%         N/A       99%         3
 Teleport Other           Tloc           0%         N/A       99%         3
 Fulminant Prism          Conj/Hex       0%         3d5       100%        4
 Freezing Cloud           Conj/Ice/Air   0%         6-21      100%        5


Dungeon Overview and Level Annotations

Branches:
Dungeon (7/15)             Temple (1/1) D:5

Altars:
Dithmenos
Elyvilon
Fedhas
Gozag
Kikubaaqudgha
Makhleb
Nemelex Xobeh
Okawaru
Qazlal
Ru
Sif Muna
Uskayaw
Vehumet
Wu Jian
Yredelemnul
Zin
The Shining One

Shops:
D:2 =

Annotations:
D:7 Menkaure


Innate Abilities, Weirdness & Mutations

You have a pair of horns on your head.
You reflexively headbutt those who attack you in melee.


Message History

An orc comes into view. It is wielding a +0 trident.
Menkaure, Prince of Dust comes into view.
Menkaure shouts!
The killer bee stings you but does no damage. x2
The orc priest mumbles some strange prayers to Beogh against you.
Beogh smites you!
The killer bee attacks as it pursues you!
The killer bee barely misses you. You furiously retaliate!
You headbutt the killer bee. The killer bee barely misses you.
The orc priest hits you but does no damage. x2
You barely miss the orc priest. The killer bee barely misses you.
The killer bee stings you! The killer bee stings you.
The orc priest hits you with a +0 whip.
The orc priest looks satisfied for a moment.
Menkaure gestures wildly while chanting.
Menkaure seems to speed up.
The killer bee barely misses you. The orc hits you but does no damage.
You hit the orc.
Your weapon exudes an aura of protection.
You headbutt the orc.
You kill the orc!
The killer bee stings you.
The killer bee stings you but does no damage.
The orc priest hits you but does no damage.
The orc priest invokes the aid of Beogh against you.
Beogh smites you!
* * * LOW HITPOINT WARNING * * *
Found an ivory wand.
The killer bee attacks as it pursues you!
The killer bee stings you but does no damage.
Menkaure hits you!
* * * LOW HITPOINT WARNING * * *
The killer bee stings you.
* * * LOW HITPOINT WARNING * * *
You are lethally poisoned!
The killer bee poisons you!
The orc priest hits you but does no damage.
Menkaure hits you!
You die...
Your body crumbles into a pile of gold.

.../ .... .....
..... ......
###.... ....
#.M.# ..... ##@#
#..#.# ##yo#
...... ##SF#####
...... ##yy.....#
......##yo#####.#
##....ooDo.).#
.......o.....#.
##.........>....
##..#....?...##.


You could see a steam dragon, a water moccasin, Menkaure (fast), a bullfrog, 4
killer bees, 2 orc priests and 4 orcs.

Vanquished Creatures
  A hornet (D:6)
  Edmund (D:5)
  2 black bears
  An ice beast (D:6)
  An ogre (D:5)
  A bullfrog (D:6)
  3 scorpions
  A howler monkey (D:6)
  An orc priest (D:5)
  3 hounds
  A jelly (D:5)
  3 iguanas (D:6)
  2 sleepcaps
  4 gnolls (D:4)
  5 adders
  2 ufetubi (D:6)
  3 worms
  A dart slug (D:4)
  7 orcs
  13 ball pythons
  A bat (D:1)
  10 endoplasms
  2 giant cockroaches
  6 goblins
  4 hobgoblins
  6 jackals
  9 kobolds
  A quokka (D:1)
  3 frilled lizards
98 creatures vanquished.

Notes
Turn   | Place    | Note
-------+----------+-------------------------------------------
     0 | D:1      | Fodor the Minotaur Fighter began the quest for the Orb.
     0 | D:1      | Reached XP level 1. HP: 19/19 MP: 0/0
    79 | D:1      | Reached XP level 2. HP: 23/27 MP: 1/1
   325 | D:1      | Found a faded altar of an unknown god.
   537 | D:1      | Reached skill level 4 in Armour
   537 | D:1      | Reached XP level 3. HP: 33/33 MP: 2/2
  1111 | D:2      | Found Qasmieg's Jewellery Shop.
  1140 | D:2      | Reached XP level 4. HP: 22/40 MP: 3/3
  2275 | D:3      | Identified the +0 short sword "Mualui" {heavy, rN+}
  2441 | D:4      | Noticed a black bear
  2447 | D:4      | Killed a black bear
  2448 | D:4      | Reached skill level 1 in Dodging
  2448 | D:4      | Reached XP level 5. HP: 20/47 MP: 1/4
  2615 | D:4      | Reached skill level 5 in Armour
  2626 | D:4      | Reached skill level 5 in Axes
  2760 | D:4      | Reached XP level 6. HP: 48/53 MP: 5/5
  3161 | D:5      | Entered Level 5 of the Dungeon
  3350 | D:5      | Noticed Edmund
  3362 | D:5      | Killed Edmund
  3621 | D:5      | Reached skill level 5 in Fighting
  3753 | D:5      | Reached skill level 1 in Maces & Flails
  3753 | D:5      | Reached XP level 7. HP: 60/61 MP: 6/6
  3934 | D:5      | Reached skill level 1 in Stealth
  3950 | D:5      | Found a staircase to the Ecumenical Temple.
  3994 | Temple   | Entered the Ecumenical Temple
  3999 | Temple   | Became a worshipper of Gozag Ym Sagoz the Greedy
  4169 | D:6      | Noticed a hornet
  4175 | D:6      | Paralysed by a hornet for 3 turns
  4179 | D:6      | Killed a hornet
  4180 | D:6      | Reached skill level 6 in Armour
  4180 | D:6      | Reached skill level 5 in Shields
  4265 | D:6      | Reached XP level 8. HP: 69/69 MP: 7/7
  4602 | D:6      | Reached skill level 7 in Armour
  4656 | D:7      | Noticed Menkaure
  4661 | D:7      | Mangled by Menkaure

Illustrated notes

Levels and vault maps discovered:
D:1:      saegor_arrival_simple_c, layout_loops_ring,
          nicolae_ecumenical_snake_handling, chequers_serial_rivers_room_b,
          minmay_misc_feat_cross
D:2:      layout_basic, serial_shops, nicolae_shop_gaudy_bauble,
          item_on_display_a
D:3:      layout_basic
D:4:      layout_basic
D:5:      layout_basic, minmay_temple_entry_junction, uniq_edmund
D:6:      layout_rooms
D:7:      layout_rooms, cheibriados_altar_1, grunt_temple_overflow_open,
          uniq_menkaure
Temple:   nicolae_temple_bog_church

Skill      XL: |  1  2  3  4  5  6  7  8 |
---------------+-------------------------+-----
Fighting       | 4 5 |  5.8
Shields        | 4 5 |  5.6
Axes           | 3 4 5 6 |  6.8
Armour         | 4 5 6 7 |  7.0
Dodging        | 1 2 |  2.4
Maces & Flails | 1 3 4 |  4.5
Stealth        | 1 |  1.2

Action                     |  1- 3 |  4- 6 |  7- 9 || total
---------------------------+-------+-------+-------++-------
  Melee: War axe           |    74 |    87 |       ||   161
         Headbutt          |     7 |    20 |    12 ||    39
         Flail             |       |    25 |    48 ||    73
    Use: Potion            |       |     4 |       ||     4
 Armour: Scale mail        |    53 |       |       ||    53
         Chain mail        |       |    99 |    78 ||   177
  Dodge: Dodged            |    30 |    53 |    52 ||   135
  Block: Buckler           |    15 |    29 |    16 ||    60

Table legend: (Time is in decaauts)
 A = Elapsed time spent in this place.
 B = Non-inter-level travel time spent in this place.
 C = Inter-level travel time spent in this place.
 D = Time resting spent in this place.
 E = Time spent auto-exploring this place.
 F = Levels seen in this place.
 G = Mean time per level.
                   A        B        C        D        E       F      G
               +--------+--------+--------+--------+--------+-----+--------+
         Total |   4733 |   4451 |    282 |    511 |      0 |   8 |  591.6 |
       Dungeon |   4722 |   4440 |    282 |    511 |      0 |   7 |  674.6 |
        Temple |     10 |     10 |      0 |      0 |      0 |   1 |   10.0 |
               +--------+--------+--------+--------+--------+-----+--------+

Top non-repeatable levels by time:
     D:5: 1009 daAuts
     D:2: 960 daAuts
     D:1: 862 daAuts
     D:4: 729 daAuts
     D:3: 662 daAuts
     D:6: 487 daAuts
     D:7: 11 daAuts
  Temple: 10 daAuts
